Kradschützen Motorcycle Team
Construct Light Support Kompanie
Construct Mechanized Kompanie
Panzerjäger Mechanized Group
Selects Armored Support Battlegroup
Selects Superior Fire Drills
Construct Panzerarmee Kommand
Selects Flammpanzer III Medium Tank Sd.Kfz. 141
Panzerjäger Mechanized Group
Panzerjäger Mechanized Group
Selects Stuka Anti-tank Loiter
Panzerjäger Mechanized Group
Selects Command Panzer IV F Medium Tank